 Dungeon Crawl Stone Soup version 0.21-a0-529-g8c7b3f5 (webtiles) character file.

75 slep the Chopper (level 4, -7/34 HPs)
             Began as a Demonspawn Gladiator on Dec 10, 2017.
             Mangled by Crazy Yiuf
             ... wielding a +2 quarterstaff of chaos
              (9 damage)
             ... on level 2 of the Dungeon.
             The game lasted 00:04:16 (1598 turns).

slep the Chopper (Demonspawn Gladiator)             Turns: 1598, Time: 00:04:17

Health: -7/34      AC:  5    Str: 12 (15) XL:     4   Next: 11%
Magic:  0/4        EV: 13    Int:  8 (9)  God:
Gold:   124        SH:  0    Dex: 13 (15) Spells: 3/3 levels left

rFire    + . .     SeeInvis .   a - +0 war axe
rCold    . . .     Gourm    .   (no shield)
rNeg     . . .     Faith    .   b - +0 leather armour
rPois    .         Spirit   +   c - +0 helmet
rElec    .         Reflect  .   (no cloak)
rCorr    .         Harm     .   p - +0 pair of gloves
MR       .....                  (no boots)
Stlth    +.........             (no amulet)
HPRegen  0.11/turn              (no ring)
MPRegen  0.09/turn              (no ring)

@: flying, very slightly contaminated, invisible
A: talons 1, fire resistance 1, magic shield
a: no special abilities


You were on level 2 of the Dungeon.
You were very hungry.

You visited 1 branch of the dungeon, and saw 2 of its levels.

You collected 124 gold pieces.

Inventory:

Hand Weapons
 a - a +0 war axe (weapon)
Missiles
 d - 3 throwing nets (quivered)
 i - 6 javelins
Armour
 b - a +0 leather armour (worn)
 c - a +0 helmet (worn)
 p - a +0 pair of gloves (worn)
Scrolls
 j - 2 scrolls of remove curse {unknown}
 k - a scroll of identify {unknown}
 l - a scroll of enchant armour {unknown}
 q - a scroll of amnesia {unknown}
Potions
 e - a potion of degeneration
 h - 2 potions of curing
Comestibles
 f - 3 bread rations
 m - a royal jelly
 o - a meat ration


   Skills:
 + Level 2.6 Fighting
 + Level 3.4 Axes
 + Level 2.0 Throwing
 + Level 1.2 Armour
 + Level 3.1 Dodging


You had 3 spell levels left.
You didn't know any spells.

Dungeon Overview and Level Annotations

Branches:
Dungeon (2/15)

Altars:

Annotations:
D:2 Crazy Yiuf


Innate Abilities, Weirdness & Mutations

You have sharp toenails.
Your flesh is heat resistant. (rF+)
When hurt, damage is shared between your health and your magic reserves.


Message History

You are electrocuted!
Ouch! That really hurt!
* * * LOW HITPOINT WARNING * * *
You barely miss Crazy Yiuf. You claw Crazy Yiuf.
Crazy Yiuf is lightly wounded.
Crazy Yiuf hits you with a quarterstaff of chaos!
* * * LOW HITPOINT WARNING * * *
You fade into invisibility!
You are very lightly contaminated with residual magic.
You hit Crazy Yiuf. Your kick misses Crazy Yiuf.
Crazy Yiuf is lightly wounded.
Crazy Yiuf laughs, "Gum!"
Crazy Yiuf closely misses you.
You hit Crazy Yiuf but do no damage. You claw Crazy Yiuf.
Crazy Yiuf is moderately wounded.
Crazy Yiuf barely misses you.
You hit Crazy Yiuf but do no damage.
Crazy Yiuf is moderately wounded.
Crazy Yiuf hits you with a quarterstaff of chaos!
You die...

########.......#.#
#...# #####
#.#.#####.# #.>.#
....# ##### ###
###...### ###.#
#.......#
###.######## #####
#.#..)#.#
...........# #).)#
#.##.##.#
.##.######## #)..#
##.##....# ###.#
#.g.# #........###
....# #@#
##.####..... #####
##)# #.......###
#.## ##.####.# #
##.# #.####.# #
#.## #.#....# #
##.## #.#.##.# #
#.PP## #.#.##.# #
#...P# #......# #
#+..+# #.....## #


You could see Crazy Yiuf.

Vanquished Creatures
  3 adders (D:2)
  2 oozes (D:1)
  2 dart slugs
  A bat (D:1)
  A giant cockroach (D:1)
  5 goblins
  7 hobgoblins
  4 jackals (D:2)
  5 kobolds
  2 frilled lizards (D:2)
  A rat (D:1)
33 creatures vanquished.

Notes
Turn   | Place    | Note
-------+----------+-------------------------------------------
     0 | D:1      | slep the Demonspawn Gladiator began the quest for the Orb.
     0 | D:1      | Reached XP level 1. HP: 16/16 MP: 1/1
    54 | D:1      | Gained mutation: You have sharp toenails. [demonic ancestry]
    54 | D:1      | Reached XP level 2. HP: 12/22 MP: 2/2
   414 | D:1      | Gained mutation: When hurt, damage is shared between your health and your magic reserves. [demonic ancestry]
   414 | D:1      | Reached XP level 3. HP: 26/27 MP: 3/3
   826 | D:2      | Reached skill level 1 in Armour
   830 | D:2      | Gained mutation: Your flesh is heat resistant. (rF+) [demonic ancestry]
   830 | D:2      | Reached XP level 4. HP: 6/34 MP: 1/4
  1232 | D:2      | Found a faded altar of an unknown god.
  1415 | D:2      | Found a runed door.
  1591 | D:2      | Noticed Crazy Yiuf
  1595 | D:2      | HP: 1/34 [Crazy Yiuf/quarterstaff of chaos (8)]
  1598 | D:2      | Mangled by Crazy Yiuf

Vault maps used:
D:1:      lightli_arrival_noodles
D:2:      chequers_ecumenical_altar_island, uniq_crazy_yiuf_cottage

Skill      XL: |  1  2  3 |
---------------+----------+-----
Axes           | 3 |  3.4
Throwing       | 2 |  2.0
Dodging        | 3 |  3.1
Armour         | 1 |  1.2
Fighting       | |  2.6

Action                   |  1- 3 |  4- 6 || total
-------------------------+-------+-------++-------
Melee: War axe           |   100 |     8 ||   108
       Kick              |    16 |     3 ||    19
  Use: Potion            |       |     4 ||     4
  Eat: Chunk             |       |     1 ||     1
Armor: Leather armour    |    29 |     1 ||    30
Dodge: Dodged            |    90 |     4 ||    94

Table legend:
 A = Spawn XP
 B = Non-spawn XP
 C = Spawn XP percentage of total XP
 D = Spawn monster count
 E = Non-spawn monster count
 F = Spawn count percentage of total count
 G = Total turns spent on level
                    A         B        C        D         E        F      G
               +---------+---------+-------+---------+---------+-------+---------
         Total |       0 |     108 |   0.0 |       0 |      33 |   0.0 |  1598
               +---------+---------+-------+---------+---------+-------+---------
           D:1 |       0 |      47 |   0.0 |       0 |      19 |   0.0 |   607
           D:2 |       0 |      61 |   0.0 |       0 |      14 |   0.0 |   991
               +---------+---------+-------+---------+---------+-------+---------
